 Dungeon Crawl Stone Soup version 0.28.0-53-g5a82cb258f (webtiles) character file.

Game seed: 139664965405805269

11 PentaManta the Grave Robber (level 2, 19/19 HPs)
             Began as a Mummy Necromancer on June 18, 2022.
             Safely got out of the dungeon.
             The game lasted 00:00:52 (470 turns).

PentaManta the Grave Robber (Mummy Necromancer)      Turns: 470, Time: 00:00:52

Health: 19/19      AC:  2    Str: 11    XL:     2   Next: 17%
Magic:  6/6        EV: 12    Int: 14    God:
Gold:   12         SH:  0    Dex: 12    Spells: 6/7 levels left

rFire   x . .      SeeInvis .   (no weapon)
rCold   + . .      Faith    .   (no shield)
rNeg    + + +      Spirit   .   a - +0 robe
rPois   ∞          Reflect  .   (no helmet)
rElec   .          Harm     .   (no cloak)
rCorr   .          Rampage  .   (no gloves)
Will    .....                   (no boots)
Stlth   ++........              (no amulet)
HPRegen 0.06/turn               (no ring)
MPRegen 0.10/turn               (no ring)

@: no status effects
A: cold resistance 1, negative energy resistance 3, torment resistance 2, heat
vulnerability 1, no potions
a: no special abilities


You escaped.
You visited 1 branch of the dungeon, and saw 1 of its levels.

You collected 12 gold pieces.

Inventory:

Armour
 a - a +0 robe (worn)
Scrolls
 b - 2 scrolls of identify {unknown}


   Skills:
 - Level 1.5 Dodging
 - Level 1.5 Stealth
 * Level 3.4 Spellcasting
 + Level 4.1 Necromancy


You had 6 spell levels left.
You knew the following spells:

 Your Spells              Type           Power      Damage    Failure   Level
a - Pain                  Necr           56%        1d6       3%          1

Your spell library contained the following spells:

 Spells                   Type           Power      Damage    Failure   Level
 Animate Skeleton         Necr           28%        N/A       3%          1
 Vampiric Draining        Necr           14%        2d7       11%         3
 Animate Dead             Necr           7%         N/A       36%         4
 Ignite Poison            Fire/Tmut/Pois 2%         N/A       52%         3
 Mephitic Cloud           Conj/Pois/Air  2%         N/A       52%         3
 Ozocubu's Armour         Ice            2%         N/A       52%         3
 Agony                    Necr           14%        N/A       71%         5
 Freezing Cloud           Conj/Ice/Air   1%         6-21      99%         5
 Ozocubu's Refrigeration  Ice            1%         4d5       100%        7


Dungeon Overview and Level Annotations

Branches:
Dungeon (1/15)

Altars:


Innate Abilities, Weirdness & Mutations

You are immune to poison.
Your flesh is cold resistant. (rC+)
You are immune to negative energy. (rN+++)
You are immune to unholy pain and torment.
You are vulnerable to heat. (rF-)
You do not drink.


Message History

There are monsters nearby!
The quokka barely resists.
The kobold shouts!
The quokka bites you.
The quokka writhes in agony.
The quokka misses you.
The quokka writhes in agony.
You kill the quokka!
You have reached level 2!
The kobold writhes in agony.
You kill the kobold!
You are too depleted to draw on your mana recklessly!
You are too depleted to draw on your mana recklessly!
Things that are here:
a +0 dagger; a quokka corpse You pick up a Trismegistus Codex and begin reading...
You add the spells Ignite Poison, Mephitic Cloud and Freezing Cloud to your library.
A hobgoblin comes into view.
The hobgoblin shouts!
The hobgoblin writhes in agony.
The hobgoblin hits you.
The hobgoblin barely resists.
The hobgoblin hits you but does no damage.
The hobgoblin writhes in agony.
The hobgoblin hits you.
The hobgoblin writhes in agony.
You kill the hobgoblin!
You can't see any susceptible monsters within range! (Use Z to cast anyway.)
Okay, then.
You open the door.
There is an open door here.
There is an open door here.
Things that are here:
a +0 short sword; a stone; a kobold skeleton You see here a ball python skeleton.
There is an open door here.
You see here a +0 short sword.
There is an open door here.
There is a staircase leading out of the dungeon here.
Are you sure you want to leave the Dungeon?
This will make you lose the game! [Y]es or [N]o only, please.
Are you sure you want to leave the Dungeon?
This will make you lose the game!
You have escaped!

#.# ♣.....♣
####.######♣.♣♣♣.♣♣
#.........#♣.♣♣P..♣♣
#.#########♣.♣P....♣♣♣
#.# ♣.♣♣.⌠...P♣ #.#
♣.♣.....♣P♣ #.# ##
♣....P♣P♣.♣
#####.###...#
♣...♣♣♣♣♣ ♣
............#
♣@........
♣♣♣...♣♣♣...#
♣♣♣♣♣♣♣♣♣♣ #♣.♣# .#
♣.♣ # #♣.♣# .#
♣♣♣.♣.♣♣♣...##
...♣♣♣.......#
♣♣♣.♣.♣♣♣..#.# # #♣.♣#
..#


There were no monsters in sight!

Vanquished Creatures
  A ball python (D:1)
  A bat (D:1)
  An endoplasm (D:1)
  A goblin (D:1)
  A hobgoblin (D:1)
  A quokka (D:1)
  3 kobolds (D:1)
  A rat (D:1)
10 creatures vanquished.

Notes
Turn   | Place    | Note
-------+----------+-------------------------------------------
     0 | D:1      | PentaManta the Mummy Necromancer began the quest for the
                  | Orb.
     0 | D:1      | Reached XP level 1. HP: 13/13 MP: 4/4
   304 | D:1      | Reached XP level 2. HP: 16/19 MP: 1/6
   470 | D:$      | Safely got out of the dungeon.

Illustrated notes

Levels and vault maps discovered:
D:1:      psy_arrival_fountain, layout_loops_corners, minmay_stone_trees_medium,
          chequers_jeans

Skill      XL: |  1 |
---------------+----+-----
Spellcasting   | 3 |  3.4
Dodging        | |  1.5
Stealth        | |  1.5
Necromancy     | |  4.1

Action                   || total
-------------------------++-------
 Cast: Pain              ||    20
Armor: Robe              ||     1
Dodge: Dodged            ||     2
